cohdb
Replays
Latest Replays
All Replays
Popular Replays
Top Player Replays
Match Explorer
How It Works
Community
CoH3 Stats
Reddit
Sign in to upload your games and track your stats! →
Sign in with Steam
Match 25049580
Unlisted
Match 25049580
Overview
Messages
Build Orders
End
Engineer Squad
Construct Barracks
1⁄4-ton 4x4 Truck
Selects Advanced Infantry Battlegroup
Riflemen Squad
Riflemen Squad
Selects Convert to Ranger Squad
Convert to Ranger Squad
Selects Frontline Medical Station
Infantry Support Center
Construct Motor Pool
M24 Chaffee Light Tank
Frontline Medical Station
M24 Chaffee Light Tank
Selects Ammunition Storage
Selects M2A1 105mm Howitzer Emplacement
M24 Chaffee Light Tank
.30 cal Machine Gun
Convert to Ranger Squad
M24 Chaffee Light Tank
Selects Ranger Weapon Training
Selects Free Fire Drills
M24 Chaffee Light Tank
Haritm_船长
Crow
TidaL
这里也 没有
Pickle
Jackie Lee
假山
心若一动
0
0
Comments
sign in to comment!
No comments posted yet!